 Dungeon Sprint DCSS version 0.30-a0-360-g447f08457e (webtiles) character file.

Game seed: 4320177036197409249

836 Pestilence the Fighter (level 7, -6/66 HPs)
             Began as a Demonspawn Gladiator on Nov 13, 2022.
             Was a Believer of Makhleb.
             Killed from afar by an efreet (18 damage)
             ... with a fireball
             ... in the Dungeon (Sprint IX: "|||||||||||||||||||||||||||||").
             The game lasted 00:01:40 (335 turns).

Pestilence the Fighter (Demonspawn Gladiator)        Turns: 335, Time: 00:01:41

Health: -6/66      AC: 10    Str: 19    XL:     7   Next: 66%
Magic:  7/7        EV: 15    Int: 12    God:    Makhleb [**....]
Gold:   0          SH:  0    Dex: 15    Spells: 6/6 levels left

rFire   . . .      SeeInvis .    b - +1 scimitar (elec)
rCold   . . .      Faith    .    (no shield)
rNeg    . . .      Spirit   .    p - +2 ring mail
rPois   .          Reflect  .    c - +0 helmet
rElec   .          Harm     .    (no cloak)
rCorr   .          Rampage  .    a - +0 pair of gloves
Will    .....      NoTele   +    m - +0 pair of boots
Stlth   +.........               (no amulet)
HPRegen 0.31/turn                n - +3 ring of intelligence
MPRegen 0.10/turn                o - +3 ring of strength

@: no status effects
A: icemail 1, spiny 1, condensation shield, demonic touch 2
a: Renounce Religion, Minor Destruction


You were in the Dungeon.
You worshipped Makhleb.
Makhleb was pleased with you.
You visited 1 branch

Inventory:

Hand Weapons
 b - a +1 scimitar of electrocution (weapon)
 l - a +2 vorpal scimitar
Armour
 a - a +0 pair of gloves (worn)
 c - a +0 helmet (worn)
 m - a +0 pair of boots (worn)
 p - a +2 ring mail (worn)
Jewellery
 n - a +3 ring of intelligence (left hand)
 o - a +3 ring of strength (right hand)
Wands
 j - a wand of roots (9)
Scrolls
 e - 2 scrolls of amnesia
 k - 2 scrolls of blinking
Potions
 d - a potion of invisibility
 f - 4 potions of curing
 h - a potion of haste
 i - 4 potions of magic


   Skills:
 + Level 10.0 Fighting
 + Level 9.4 Long Blades
 - Level 1.7 Throwing
 + Level 9.5 Dodging


You had 6 spell levels left.
You didn't know any spells.
Your spell library was empty.

Dungeon Overview and Level Annotations

Branches:
Dungeon (1/1)

Altars:
Cheibriados
Dithmenos
Fedhas
Gozag
Hepliaklqana
Kikubaaqudgha
Makhleb
Nemelex Xobeh
Okawaru
Qazlal
Ru
Sif Muna
Trog
Uskayaw
Vehumet
Wu Jian
Xom
Yredelemnul
Jiyva
Lugonu


Innate Abilities, Weirdness & Mutations

A meltable icy envelope protects you from harm. (AC +0)
You are partially covered in sharp spines.
A meltable shield of frost defends you. (SH +0)
Your touch may inflict irresistible damage on your foes.


Message History

The roots release their grip on the efreet.
The efreet gestures at you. The bolt of fire hits you!
Your icy defenses dissipate!
Unknown command.
You hit the efreet.
You touch the efreet!
The efreet is heavily wounded.
The efreet gestures at you.
The fireball explodes!
The fireball engulfs you!!
The fireball engulfs the efreet.
The efreet completely resists.
The efreet gestures at you.
The bolt of fire hits the efreet.
The efreet completely resists.
The bolt of fire misses you.
Unknown command.
You feel much better.
The efreet hits you with a +4 scimitar of flaming!
The efreet burns you.
You hit the efreet but do no damage. Lightning courses through the efreet!
The efreet is severely wounded.
The efreet gestures at you.
The fireball explodes!
The fireball engulfs you!!
* * * LOW HITPOINT WARNING * * *
The fireball engulfs the efreet.
The efreet completely resists.
Unknown command.
You feel much better. The efreet is struck by your spines.
The efreet completely misses you.
You completely miss the efreet.
The efreet is severely wounded.
Unknown command.
You hit the efreet.
The efreet is almost dead.
The efreet gestures at you.
The fireball explodes!
The fireball engulfs you!!
* * * LOW HITPOINT WARNING * * *
The fireball engulfs the efreet.
The efreet completely resists.
Unknown command.
You feel better. The efreet gestures at you.
The fireball explodes!
The fireball engulfs you!!
You die... ▓▓▓▓▓▓▓▓▓▓▓▓▓▓▓▓▓▓▓▓▓▓▓▓ .OuC9RR@.....[.[....)..' ▓▓▓▓▓▓▓▓▓▓▓▓▓▓▓▓▓▓▓▓▓▓▓▓

You could see a purple ugly thing, a two-headed ogre, a cyclops, 2 efreet and a gargoyle.

Vanquished Creatures
  A wyvern (D)
  A wraith (D)
  A yak (D)
  An orc warrior (D)
  A black bear (D)
  An ogre (D)
  2 howler monkeys (D)
  An iguana (D)
  An orc wizard (D)
  An adder (D)
  2 hobgoblins (D)
  A kobold (D)
  A quokka (D)
  A bat (D)
16 creatures vanquished.

Notes
Turn   | Place    | Note
-------+----------+-------------------------------------------
     0 | D        | Pestilence the Demonspawn Gladiator began the quest for the
                  | Orb.
     0 | D        | Reached XP level 1. HP: 16/16 MP: 1/1
    70 | D        | Noticed an iguana
    70 | D        | Noticed a black bear
    70 | D        | Noticed an orc wizard
    70 | D        | Noticed an ogre
    74 | D        | Killed an ogre
    75 | D        | Reached skill level 5 in Fighting
    75 | D        | Reached skill level 5 in Long Blades
    75 | D        | Reached skill level 5 in Dodging
    75 | D        | Gained mutation: A meltable shield of frost defends you.
                  | (SH +0) [demonic ancestry]
    75 | D        | Reached XP level 2. HP: 27/27 MP: 2/2
    75 | D        | Gained mutation: A meltable icy envelope protects you from
                  | harm. (AC +0) [demonic ancestry]
    75 | D        | Reached XP level 3. HP: 33/33 MP: 3/3
    75 | D        | Gained mutation: You are partially covered in sharp spines.
                  | [demonic ancestry]
    75 | D        | Reached XP level 4. HP: 39/39 MP: 4/4
    81 | D        | Killed a black bear
    82 | D        | Reached skill level 7 in Fighting
    82 | D        | Gained mutation: Your touch may inflict minor irresistible
                  | damage on your foes. [demonic ancestry]
    82 | D        | Reached XP level 5. HP: 48/48 MP: 5/5
   108 | D        | Found a snail-covered altar of Cheibriados.
   108 | D        | Found a shadowy altar of Dithmenos.
   108 | D        | Found a blossoming altar of Fedhas.
   108 | D        | Found an opulent altar of Gozag.
   109 | D        | Found a hazy altar of Hepliaklqana.
   110 | D        | Found a viscous altar of Jiyva.
   111 | D        | Found an ancient bone altar of Kikubaaqudgha.
   112 | D        | Found a corrupted altar of Lugonu.
   113 | D        | Found a burning altar of Makhleb.
   114 | D        | Found a sparkling altar of Nemelex Xobeh.
   115 | D        | Found an iron altar of Okawaru.
   116 | D        | Found a stormy altar of Qazlal.
   117 | D        | Found a sacrificial altar of Ru.
   118 | D        | Found a shimmering blue altar of Sif Muna.
   119 | D        | Found a bloodstained altar of Trog.
   120 | D        | Found a hide-covered altar of Uskayaw.
   121 | D        | Became a worshipper of Makhleb the Destroyer
   122 | D        | Found a radiant altar of Vehumet.
   123 | D        | Found an ornate altar of the Wu Jian Council.
   124 | D        | Found a shimmering altar of Xom.
   125 | D        | Found a basalt altar of Yredelemnul.
   186 | D        | Noticed a wyvern
   186 | D        | Noticed a yak
   186 | D        | Noticed a wraith
   186 | D        | Noticed an orc warrior
   188 | D        | Reached XP level 6. HP: 55/55 MP: 6/6
   195 | D        | Killed an orc warrior
   196 | D        | Reached skill level 8 in Fighting
   202 | D        | Killed a wraith
   202 | D        | Reached * piety under Makhleb
   203 | D        | Gained mutation: Your touch may inflict irresistible damage
                  | on your foes. [demonic ancestry]
   203 | D        | Reached XP level 7. HP: 35/63 MP: 7/7
   211 | D        | Killed a yak
   212 | D        | Reached skill level 9 in Fighting
   216 | D        | Killed a wyvern
   216 | D        | Reached ** piety under Makhleb
   217 | D        | Reached skill level 10 in Fighting
   326 | D        | Noticed a two-headed ogre
   326 | D        | Noticed a purple ugly thing
   326 | D        | Noticed a cyclops
   326 | D        | Noticed a gargoyle
   326 | D        | Noticed an efreet
   326 | D        | Noticed an efreet
   334 | D        | HP: 2/66 [efreet/fireball (23)]
   335 | D        | Killed from afar by an efreet

Illustrated notes

Levels and vault maps discovered:
D:        linesprint [early_d, line_temple, items_1, d_10, items_2, lair_1,
          lair_end, items_3, orc_1, orc_end, items_4, d_15, swamp_1, shoals_1,
          snake_1, spider_1, d_20, vaults_1, items_5, swamp_end, shoals_end,
          snake_end, spider_end, vaults_end, d_27, items_6, zot_1, zot_end,
          crypt_end, forest_end, elf_end, slime_end, tomb_end, abyss_end,
          pan_hell_end]

Skill      XL: |  1  2  3  4  5  6  7 |
---------------+----------------------+-----
Long Blades    | 5 6 7 8 9 |  9.4
Dodging        | 5 6 7 8 9 |  9.5
Fighting       | 5 7 8 10 | 10.0
Throwing       | |  1.7

Action                   |  1- 3 |  4- 6 |  7- 9 || total
-------------------------+-------+-------+-------++-------
Melee: Long sword        |    20 |    11 |       ||    31
       Scimitar          |       |    16 |    18 ||    34
       Touch             |       |     4 |     2 ||     6
       Punch             |       |       |     1 ||     1
Evoke: Wand              |       |       |     1 ||     1
  Use: Potion            |     1 |       |     4 ||     5
Armor: Leather armour    |     4 |     2 |       ||     6
       Ring mail         |       |     3 |     2 ||     5
Dodge: Dodged            |    13 |     8 |    11 ||    32
Block: Other             |       |     5 |     4 ||     9

Table legend: (Time is in decaauts)
 A = Elapsed time spent in this place.
 B = Non-inter-level travel time spent in this place.
 C = Inter-level travel time spent in this place.
 D = Time resting spent in this place.
 E = Time spent auto-exploring this place.
 F = Levels seen in this place.
 G = Mean time per level.
                   A        B        C        D        E       F      G
               +--------+--------+--------+--------+--------+-----+--------+
         Total |    346 |    346 |      0 |    160 |      0 |   1 |  346.0 |
       Dungeon |    346 |    346 |      0 |    160 |      0 |   1 |  346.0 |
               +--------+--------+--------+--------+--------+-----+--------+

Top non-repeatable levels by time:
       D: 346 daAuts
